 Dungeon Crawl Stone Soup version 0.26-a0-651-gb41185065b (webtiles) character file.

Game seed: 22314470754874496

159 Lanoc the Shooter (level 5, -1/32 HPs)
             Began as a Vampire Hunter on Oct 11, 2020.
             Slain by a centaur (3 damage)
             ... on level 7 of the Dungeon.
             The game lasted 00:06:07 (2140 turns).

Lanoc the Shooter (Vampire Hunter)                  Turns: 2140, Time: 00:06:08

Health: -1/32      AC:  7    Str:  7 (11) XL:     5   Next: 17%
Magic:  5/5        EV: 12    Int:  9 (13) God:
Gold:   115        SH:  0    Dex: 12 (16) Spells: 4/4 levels left

rFire    . . .     SeeInvis +   b - +0 dagger (speed)
rCold    + + .     Faith    .   (no shield)
rNeg     + + +     Spirit   .   c - +0 leather armour
rPois    ∞         Reflect  .   (no helmet)
rElec    .         Harm     .   (no cloak)
rCorr    .         Rampage  .   (no gloves)
MR       .....                  (no boots)
Stlth    +++.......             e - amulet of the acrobat
HPRegen  0.00/turn              p - +4 ring of protection
MPRegen  0.09/turn              (no ring)

@: brilliant, bloodless, hasted, very quick
A: fangs 3, see invisible, unbreathing
a: Bat Form, Revivify


You were on level 7 of the Dungeon.
You visited 1 branch of the dungeon, and saw 5 of its levels.

You collected 115 gold pieces.

Inventory:

Hand Weapons
 a - a +1 shortbow
 b - a +0 dagger of speed (weapon)
Armour
 c - a +0 leather armour (worn)
Jewellery
 e - an amulet of the acrobat (around neck)
 g - an uncursed amulet of guardian spirit
 p - a +4 ring of protection (left hand)
Scrolls
 f - 3 scrolls of teleportation {unknown}
 h - 2 scrolls of identify {unknown}
 j - a scroll of remove curse {unknown}
Potions
 i - 3 potions of curing
 l - a potion of lignification
 m - 2 potions of cancellation
 n - a potion of brilliance
 o - a potion of degeneration


   Skills:
 + Level 2.8 Fighting
 * Level 4.4 Bows
 + Level 3.5 Dodging
 - Level 1.5 Stealth


You had 4 spell levels left.
You didn't know any spells.
Your spell library was empty.

Dungeon Overview and Level Annotations

Branches:
Dungeon (4/15)
 Temple: D:4-7

Altars:

Annotations:
D:3 Grinder


Innate Abilities, Weirdness & Mutations

You do not regenerate when monsters are visible.
You are frail without blood (-20% HP).
You can heal yourself when you bite living creatures.
You are immune to poison.
You have razor-sharp teeth.
You have supernaturally acute eyesight. (SInv)
You can survive without breathing.


Message History

You hit the centaur but do no damage. You bite the centaur, but do no damage.
The centaur is severely wounded.
The centaur closely misses you.
You barely miss the centaur.
The centaur is severely wounded.
The centaur hits you but does no damage.
You hit the centaur.
The centaur is severely wounded.
You barely miss the centaur.
The centaur is severely wounded.
The centaur completely misses you.
You hit the centaur but do no damage.
The centaur is severely wounded.
You barely miss the centaur.
The centaur is severely wounded.
The centaur closely misses you.
You hit the centaur but do no damage.
The centaur is severely wounded.
The centaur hits you.
You die...

#.####..#..#
##.## #....#
#...# #...
##...## .###
##.##..####.#
##.#####.....#
##Z## ##...##
#c## #...##
#@# ###....###
###
#.........##
....##..##...
..###...####.
. #..## ##
#..# #. ..# #.
... #.. ....


You could see a centaur and a killer bee zombie.

Vanquished Creatures
  A centaur skeleton (D:4)
  An orc wizard (D:3)
  3 adders (D:2)
  4 worms (D:2)
  3 dart slugs
  5 orcs
  2 ball pythons (D:2)
  4 giant cockroaches
  5 goblins
  5 hobgoblins
  2 jackals (D:2)
  5 kobolds
  2 quokkas (D:2)
  3 bats
  6 frilled lizards
  9 rats
60 creatures vanquished.

Notes
Turn   | Place    | Note
-------+----------+-------------------------------------------
     0 | D:1      | Lanoc the Vampire Hunter began the quest for the Orb.
     0 | D:1      | Reached XP level 1. HP: 16/16 MP: 1/1
   161 | D:1      | Reached XP level 2. HP: 22/22 MP: 2/2
   542 | D:2      | Reached XP level 3. HP: 27/27 MP: 3/3
   810 | D:2      | Reached skill level 4 in Bows
  1077 | D:3      | Reached XP level 4. HP: 34/34 MP: 4/4
  1297 | D:3      | Noticed Grinder
  1645 | D:3      | Paralysed by Grinder for 2 turns
  1670 | D:4      | Reached XP level 5. HP: 20/40 MP: 5/5
  1762 | D:4      | You fall into a shaft and drop 3 floors!
  1762 | D:7      | Noticed a yak
  1762 | D:7      | Noticed a yak
  1762 | D:7      | Noticed a yak
  1806 | D:7      | Noticed a centaur
  1807 | D:7      | Noticed a yak
  1808 | D:7      | Noticed a yak
  1849 | D:7      | Noticed a centaur
  2094 | D:7      | HP: 1/32 [killer bee zombie (2)]
  2140 | D:7      | Slain by a centaur

Illustrated notes

Levels and vault maps discovered:
D:1:      dpeg_arrival_ratfight, layout_basic
D:2:      layout_basic, st_stairs_7, dk_vineyard_3, minivault_25
D:3:      layout_loops_corners, lemuel_round_altar, uniq_robin, uniq_terence,
          uniq_grinder
D:4:      layout_basic
D:7:      layout_layer_cave, temple_statues, uniq_maggie

Skill      XL: |  1  2  3 |
---------------+----------+-----
Fighting       | 2 |  2.8
Bows           | 4 |  4.4
Dodging        | 3 |  3.5
Stealth        | |  1.5

Action                   |  1- 3 |  4- 6 || total
-------------------------+-------+-------++-------
Melee: Short sword       |     8 |    25 ||    33
       Bite              |     1 |    14 ||    15
       Dagger            |       |   111 ||   111
       Unarmed           |       |     4 ||     4
 Fire: Shortbow          |   121 |    24 ||   145
 Abil: Bat Form          |       |     1 ||     1
       Exsanguinate      |       |     1 ||     1
  Use: Potion            |       |     8 ||     8
Armor: Leather armour    |     5 |    46 ||    51
Dodge: Dodged            |    15 |    85 ||   100

Table legend: (Time is in decaauts)
 A = Elapsed time spent in this place.
 B = Non-inter-level travel time spent in this place.
 C = Inter-level travel time spent in this place.
 D = Time resting spent in this place.
 E = Time spent auto-exploring this place.
 F = Levels seen in this place.
 G = Mean time per level.
                   A        B        C        D        E       F      G
               +--------+--------+--------+--------+--------+-----+--------+
         Total |   2040 |   1953 |     87 |     41 |   1282 |   5 |  408.0 |
       Dungeon |   2040 |   1953 |     87 |     41 |   1282 |   5 |  408.0 |
               +--------+--------+--------+--------+--------+-----+--------+

Top non-repeatable levels by time:
     D:2: 965 daAuts
     D:1: 455 daAuts
     D:7: 285 daAuts
     D:3: 233 daAuts
     D:4: 100 daAuts
